 Dungeon Crawl Stone Soup version 0.29.1-1-gd02db6906a (webtiles) character file.

Game seed: 5719876012024923311

3434 juncz the Frost Mage (level 10, -3/61 HPs)
             Began as a Gargoyle Ice Elementalist on Sept 30, 2022.
             Was an Initiate of Gozag.
             Slain by a boulder beetle (19 damage)
             ... on level 7 of the Dungeon.
             The game lasted 00:20:34 (8939 turns).

juncz the Frost Mage (Gargoyle Ice Elementalist)    Turns: 8939, Time: 00:20:35

Health: -3/61      AC: 18    Str: 12    XL:     10   Next: 5%
Magic:  10/20      EV: 12    Int: 20    God:    Gozag
Gold:   352        SH:  0    Dex: 10    Spells: 13/23 levels left

rFire   . . .      SeeInvis .   i - +5 whip (elec)
rCold   . . .      Faith    .   (no shield)
rNeg    + . .      Spirit   .   a - +0 robe
rPois   ∞          Reflect  .   (no helmet)
rElec   +          Harm     .   (no cloak)
rCorr   +          Rampage  .   B - +0 pair of gloves
Will    .....                   (no boots)
Stlth   ++........              C - amulet of regeneration
HPRegen 1.00/turn               h - ring of flight
MPRegen 0.17/turn               A - ring of resist corrosion

@: ice-armoured, freezing walls, flying, studying Dodging
A: sickness immunity, AC +7, negative energy resistance 1, electricity
resistance, torment resistance 1, petrification resistance
a: Renounce Religion, Potion Petition, Call Merchant, Bribe Branch


You were on level 7 of the Dungeon.
You worshipped Gozag.
Gozag was aware of your devotion.
You visited 2 branches of the dungeon, and saw 10 of its levels.

You collected 659 gold pieces.
You spent 222 gold pieces at shops.
You paid 85 gold pieces to Gozag.

Inventory:

Hand Weapons
 d - a +0 spear
 i - a +5 whip of electrocution (weapon)
 p - a +1 flail of holy wrath
 y - a +0 long sword of protection
Missiles
 s - 51 stones
Armour
 a - a +0 robe (worn)
 B - a +0 pair of gloves (worn)
Jewellery
 h - a ring of flight (left hand)
 A - a ring of resist corrosion (right hand)
 C - an amulet of regeneration (around neck)
Wands
 r - a wand of roots (9)
 E - a wand of quicksilver (1)
Scrolls
 e - a scroll of blinking
 g - 5 scrolls of immolation
 j - a scroll of fog
 l - 2 scrolls of magic mapping
 o - 3 scrolls of vulnerability
 v - 4 scrolls of teleportation
 x - a scroll of summoning
 z - a scroll of enchant armour {unknown}
 F - a scroll of brand weapon
Potions
 b - a potion of magic
 c - 3 potions of curing
 f - a potion of flight {unknown}
 k - 3 potions of degeneration {unknown}
 m - a potion of lignification {unknown}
 n - 3 potions of haste {unknown}
 q - a potion of mutation {unknown}
 t - a potion of brilliance {unknown}
 u - 2 potions of heal wounds {unknown}
 w - a potion of ambrosia {unknown}
 D - 2 potions of attraction {unknown}


   Skills:
 + Level 6.7 Fighting
 - Level 1.6 Dodging
 - Level 2.2 Stealth
 + Level 7.2 Spellcasting
 - Level 3.0 Summonings
 + Level 8.6 Ice Magic
 - Level 3.0 Air Magic
 - Level 4.0 Earth Magic


You had 13 spell levels left.
You knew the following spells:

 Your Spells              Type           Power      Damage    Failure   Level
a - Freeze                Ice            100%       1d11      1%          1
b - Frozen Ramparts       Ice            82%        1d13      1%          3
c - Ozocubu's Armour      Ice            41%        N/A       1%          3
d - Sandblast             Erth           46%        2d11      1%          1
e - Passwall              Tmut/Erth      12%        N/A       6%          2

Your spell library contained the following spells:

 Spells                   Type           Power      Damage    Failure   Level
 Summon Ice Beast         Ice/Summ       30%        N/A       9%          4
 Stone Arrow              Conj/Erth      30%        3d8       12%         3
 Hailstorm                Conj/Ice       24%        3d7       16%         4
 Summon Lightning Spire   Summ/Air       19%        N/A       26%         4
 Portal Projectile        Hex/Tloc       14%        N/A       28%         3
 Tukima's Dance           Hex            7%         N/A       28%         3
 Summon Mana Viper        Hex/Summ       13%        N/A       80%         5
 Blade Hands              Tmut           3%         N/A       95%         5
 Monstrous Menagerie      Summ           9%         N/A       100%        7
 Storm Form               Tmut/Air       6%         N/A       100%        7
 Maxwell's Capacitive Co  Air            9%         ∞         100%        8


Dungeon Overview and Level Annotations

Branches:
Dungeon (9/15)             Temple (1/1) D:5
   Lair: D:8-11         Orc: D:9-12

Altars:
Cheibriados
Elyvilon
Fedhas
Gozag
Hepliaklqana
Kikubaaqudgha
Makhleb
Nemelex Xobeh
Okawaru
Qazlal
Ru
Sif Muna
Wu Jian
Xom
Yredelemnul
Zin

Shops:
D:1 :   D:7 **!


Innate Abilities, Weirdness & Mutations

You are immune to sickness and miasma.
Your stone body is resilient. (AC +7)
You are immune to poison.
You resist negative energy. (rN+)
You are resistant to electric shocks. (rElec)
You are resistant to unholy torment.
You are immune to petrification.


Message History

The wall freezes the boulder beetle but does no damage.
The boulder beetle barely misses you.
You are too injured to fight recklessly!
You are too injured to fight recklessly!
Casting: Sandblast (safe; 1% risk of failure)
Confirm with . or Enter, or press ? or * to list all spells.
Aiming: Sandblast (safe; 1% risk of failure)
Press: ? - help, Shift-Dir - straight line, f/p - boulder beetle
Aim: a boulder beetle (moderately wounded, 100% to hit)
The blast of sand hits the boulder beetle but does no damage.
The boulder beetle is moderately wounded.
The wall freezes the boulder beetle!
The boulder beetle bites you!
* * * LOW HITPOINT WARNING * * *
Okay, then.
Unknown command.
Okay, then.
Casting: Sandblast (safe; 1% risk of failure)
Confirm with . or Enter, or press ? or * to list all spells.
Aiming: Sandblast (safe; 1% risk of failure)
Press: ? - help, Shift-Dir - straight line, f/p - boulder beetle
Aim: a boulder beetle (moderately wounded, 100% to hit)
The blast of sand hits the boulder beetle but does no damage.
The boulder beetle is moderately wounded.
The wall freezes the wraith but does no damage.
The wall freezes the boulder beetle but does no damage.
The boulder beetle bites you but does no damage.
The wall freezes the boulder beetle but does no damage.
The boulder beetle misses you.
The wall freezes the wraith but does no damage.
Casting: Sandblast (safe; 1% risk of failure)
Confirm with . or Enter, or press ? or * to list all spells.
Aiming: Sandblast (safe; 1% risk of failure)
Press: ? - help, Shift-Dir - straight line, f/p - boulder beetle
Aim: a boulder beetle (moderately wounded, 100% to hit)
The blast of sand hits the boulder beetle but does no damage.
The boulder beetle is moderately wounded.
The wall freezes the wraith but does no damage.
The wall freezes the boulder beetle.
The boulder beetle bites you!!
You die...
Your body crumbles into a pile of gold.

' ### #. #####.. #..
#...... ... ....... ..
......... ####'####
###'### #...
#...WB@.####.....###...
.#
#..#####..##.......##...
.. ##.#...###...#... .#
#.#..## ##..#... ' $
$#.'..# #..+... #.
#)#..## ##..#... #.#
##.#...###...#...
#..#####..##.......##.#.
#.)...).####.....###..#


You could see a boulder beetle and a wraith.

Vanquished Creatures
  A tengu conjurer (D:7)
  3 kobold demonologists (D:7)
  A yak (D:7)
  A steam dragon (D:7)
  Menkaure (D:7)
  2 ice beasts
  A sky beast (D:6)
  3 black bears
  3 ogres
  3 centaurs
  A bullfrog (D:7)
  5 scorpions
  A necrophage (D:6)
  A gnoll bouda (D:6)
  4 hounds
  3 jellies
  4 iguanas
  An orc wizard (D:7)
  3 gnolls (D:6)
  9 adders
  2 ufetubi
  3 dart slugs
  5 orcs
  9 ball pythons
  6 endoplasms
  5 giant cockroaches
  6 goblins
  6 hobgoblins
  4 kobolds
  3 quokkas
  4 bats (D:1)
  3 frilled lizards
  5 rats
112 creatures vanquished.

Notes
Turn   | Place    | Note
-------+----------+-------------------------------------------
     0 | D:1      | juncz the Gargoyle Ice Elementalist began the quest for the
                  | Orb.
     0 | D:1      | Reached XP level 1. HP: 10/10 MP: 3/3
   198 | D:1      | Reached XP level 2. HP: 8/15 MP: 0/5
   846 | D:1      | Reached XP level 3. HP: 19/19 MP: 4/6
   850 | D:1      | Learned a level 3 spell: Frozen Ramparts
   854 | D:1      | Learned a level 3 spell: Ozocubu's Armour
  1410 | D:1      | Found Synoghit's Book Shoppe.
  1941 | D:2      | Reached XP level 4. HP: 24/24 MP: 4/8
  3057 | D:3      | Found a faded altar of an unknown god.
  3133 | D:3      | Found an iron altar of Okawaru.
  3133 | D:3      | Found a hazy altar of Hepliaklqana.
  3377 | D:4      | Noticed a scorpion
  3386 | D:4      | Killed a scorpion
  3387 | D:4      | Reached skill level 5 in Ice Magic
  3387 | D:4      | Reached XP level 5. HP: 27/28 MP: 1/10
  3462 | D:4      | Noticed an ogre
  3474 | D:4      | Killed an ogre
  3475 | D:4      | Reached XP level 6. HP: 23/32 MP: 2/12
  3801 | D:1      | Bought a book of Geomancy for 198 gold pieces
  3803 | D:1      | Learned a level 1 spell: Sandblast
  4108 | D:4      | Reached skill level 1 in Fighting
  4108 | D:4      | Reached skill level 1 in Earth Magic
  4431 | D:4      | Reached skill level 6 in Ice Magic
  4775 | D:4      | Identified the amulet "Umomyer" {Faith Harm rPois}
  4787 | D:4      | Reached XP level 7. HP: 39/39 MP: 9/13
  5012 | D:5      | Entered Level 5 of the Dungeon
  5210 | D:5      | Found a shimmering blue altar of Sif Muna.
  5234 | D:5      | Found a staircase to the Ecumenical Temple.
  5243 | Temple   | Entered the Ecumenical Temple
  5524 | D:5      | Reached skill level 1 in Summonings
  5524 | D:5      | Reached skill level 1 in Air Magic
  5786 | D:5      | Found a stormy altar of Qazlal.
  5890 | D:5      | Reached XP level 8. HP: 9/45 MP: 7/15
  6384 | D:5      | Reached skill level 5 in Spellcasting
  6631 | Temple   | Became a worshipper of Gozag Ym Sagoz the Greedy
  6663 | D:6      | You are sucked into a shaft and drop 3 floors!
  6785 | D:7      | Noticed Menkaure
  6799 | D:7      | Killed Menkaure
  6909 | D:7      | Found Rosanull's Distillery.
  6930 | D:7      | Found Suafief's General Store.
  6932 | D:7      | Found Xagh's Specific Store.
  6940 | D:7      | Bought a scroll of identify for 24 gold pieces
  7834 | D:6      | Reached skill level 7 in Ice Magic
  7834 | D:6      | Reached XP level 9. HP: 46/52 MP: 11/17
  7926 | D:6      | Learned a level 2 spell: Passwall
  8436 | D:7      | Reached skill level 5 in Fighting
  8574 | D:7      | Noticed a tengu conjurer
  8585 | D:7      | Killed a tengu conjurer
  8598 | D:7      | Noticed a kobold demonologist
  8601 | D:7      | Noticed an orange demon
  8604 | D:7      | Noticed a rust devil
  8605 | D:7      | Killed a kobold demonologist
  8606 | D:7      | Reached skill level 8 in Ice Magic
  8705 | D:7      | Noticed a kobold demonologist
  8710 | D:7      | Noticed a kobold demonologist
  8717 | D:7      | Killed a kobold demonologist
  8755 | D:7      | Killed a kobold demonologist
  8756 | D:7      | Reached XP level 10. HP: 61/61 MP: 12/20
  8923 | D:7      | Noticed a two-headed ogre
  8929 | D:7      | Noticed a boulder beetle
  8939 | D:7      | Slain by a boulder beetle

Illustrated notes

Levels and vault maps discovered:
D:1:      roderic_crop_circles_arrival_small, layout_basic, serial_shops, shop
D:2:      layout_basic
D:3:      layout_loops_ring, minitemple, basic_ecumenical_altar
D:4:      layout_loops_ring, minmay_misc_feat_secret_circle,
          minmay_manual_mandibuliform
D:5:      layout_basic, nicolae_overflow_crystal_walls,
          mainiacjoe_overflow_24_doors, minmay_temple_entry_sparse_star,
          serial_curves, eino_curves_02, eino_curves_01, eino_curves_02
D:6:      layout_cave_pools, grunt_decor_mini_mirrors, due_unseen_surprise
D:7:      minmay_the_grid_plus [minmay_the_grid_empty,
          minmay_the_grid_outer_circle, minmay_the_grid_x,
          minmay_the_grid_eight, minmay_the_grid_prize_inner_circle],
          layout_cave_pods, gammafunk_temple_overflow_pools,
          nicolae_tso_besieged_by_evil, gammafunk_ghost_wrathful_warriors,
          serial_shops, shop, nicolae_specific_store, uniq_joseph, uniq_menkaure
D:8:      layout_basic
D:9:      layout_roguey, orc_0_dummy, serial_ice, serial_ice_h, serial_ice_m,
          serial_ice_o, serial_ice_k, serial_ice_n, uniq_grum
Temple:   nicolae_temple_slightly_damp_pantheon

Skill      XL: |  1  2  3  4  5  6  7  8  9 |
---------------+----------------------------+-----
Spellcasting   | 3 4 5 7 |  7.2
Ice Magic      | 5 6 7 8 |  8.6
Fighting       | 1 2 4 6 |  6.7
Earth Magic    | 1 3 4 |  4.0
Summonings     | 1 2 3 |  3.0
Air Magic      | 1 2 3 |  3.0
Dodging        | |  1.6
Stealth        | |  2.2

Action                   |  1- 3 |  4- 6 |  7- 9 | 10-12 || total
-------------------------+-------+-------+-------+-------++-------
Melee: Unarmed           |    12 |       |       |       ||    12
       Spear             |     8 |       |       |       ||     8
       Whip              |     1 |     6 |    45 |       ||    52
Throw: Stone             |       |     2 |       |       ||     2
 Cast: Freeze            |    50 |    52 |    57 |       ||   159
       Frozen Ramparts   |       |     4 |    21 |     1 ||    26
       Sandblast         |       |     5 |    19 |     5 ||    29
       Ozocubu's Armour  |       |       |    11 |     1 ||    12
       Passwall          |       |       |     2 |       ||     2
Evoke: Wand              |       |       |       |     1 ||     1
  Use: Scroll            |       |       |    15 |       ||    15
 Stab: Sleeping          |     1 |       |       |       ||     1
Armor: Robe              |    14 |    14 |    74 |     2 ||   104
Dodge: Dodged            |    36 |    21 |    91 |     2 ||   150
